 Dungeon Crawl Stone Soup version 0.31.0-11-ge490571c62 (webtiles) character file.

Game seed: 15372510398064137904

391 qw the Shooter (level 6, -2/33 HPs)
             Began as a Spriggan Hunter on Feb 4, 2024.
             Slain by Terence
             ... wielding a +0 mace
              (5 damage)
             ... on level 3 of the Dungeon.
             The game lasted 00:00:43 (1948 turns).

qw the Shooter (Spriggan Hunter)                    Turns: 1948, Time: 00:00:43

Health: -2/33      AC:  2    Str:  7    XL:     6   Next: 50%
Magic:  7/7        EV: 20    Int: 10    God:
Gold:   138        SH:  0    Dex: 21    Spells: 5/5 levels left

rFire   . . .        a - +0 shortbow
rCold   . . .        (shield currently unavailable)
rNeg    . . .        c - +0 robe
rPois   .            (helmet restricted)
rElec   .            (no cloak)
rCorr   .            (gloves unavailable)
SInv    +            (boots unavailable)
Will    +....        (no amulet)
Stlth   ++           (no ring)
HPRegen 0.25/turn    (no ring)
MPRegen 0.10/turn

%: no passive effects
@: very quick
A: very small, no large weapons, unfitting armour, see invisible, speed 3
a: no special abilities


You were on level 3 of the Dungeon.
You visited 1 branch of the dungeon, and saw 3 of its levels.

You collected 138 gold pieces.


Innate Abilities, Weirdness & Mutations

You are very small and have problems with some larger weapons.
You are too small for most types of armour.
You have supernaturally acute eyesight. (SInv)
You cover ground extremely quickly. (Speed+++)


   Skills:
 - Level 4.0 Fighting
 + Level 5.4 Ranged Weapons
 - Level 5.0 Dodging
 - Level 1.5 Stealth


You had 5 spell levels left.
You didn't know any spells.
Your spell library was empty.

Inventory:

Hand Weapons
 a - a +0 shortbow (weapon)
Armour
 c - a +0 robe (worn)
Potions
 b - a potion of resistance {unknown}
 d - a potion of degeneration {unknown}

Dungeon Overview and Level Annotations

Branches:
Dungeon (3/15)

Altars:
Ashenzari
Cheibriados
Trog

Shops:
D:3 (

Annotations:
D:3 Robin, Terence


Message History

The kobold shouts!
The arrow hits Terence.
Terence is severely wounded.
An endoplasm comes into view.
Robin misses you. The goblin closely misses you. Terence misses you.
You shoot an arrow. The endoplasm quivers.
The arrow hits Terence but does no damage.
Terence is severely wounded.
Robin closely misses you. The goblin hits you with a +0 club.
Terence completely misses you. The goblin misses you.
You shoot an arrow. The arrow hits Terence.
Terence is severely wounded.
Robin throws the goblin at you! The goblin barely misses you.
Terence misses you. The goblin hits you with a +0 club.
You shoot an arrow. The arrow barely misses Terence.
The arrow closely misses the goblin.
Robin throws the goblin at you! The goblin completely misses you.
Terence hits you with a +0 mace. The goblin completely misses you.
The goblin hits you with a +0 club. The goblin barely misses you.
Robin hits you from afar with a +0 spear.
The goblin completely misses you. Terence barely misses you.
The goblin completely misses you.
You shoot an arrow. The arrow closely misses Terence.
The arrow barely misses the kobold.
Robin hits you from afar with a +0 spear.
The goblin closely misses you. The goblin completely misses you.
Terence barely misses you. The goblin closely misses you.
You shoot an arrow.
The arrow hits Terence but does no damage.
Terence is severely wounded.
Robin misses you. The goblin completely misses you. The goblin misses you.
Terence misses you. The goblin completely misses you.
You shoot an arrow.
The arrow hits Terence but does no damage.
Terence is severely wounded.
Robin misses you. The goblin completely misses you.
The goblin hits you with a +0 club. Terence hits you with a +0 mace.
You die...
Terence says, "That felt goooood."

.#### ..... .# ....## .#
#...######## ##
#..........##### #
#.....##........
###########...##........
.(......................
##############..gg......
#.#@J.....> #K@%g......
#.g....##.. ....####.#
...... )# #.).### .#
#..) . #...


You could see Terence, Robin, an endoplasm, 3 goblins and a kobold.

Vanquished Creatures
  Grinder (D:3)
  A bombardier beetle (D:3)
  An orc priest (D:3)
  A gnoll (D:3)
  4 adders
  2 dart slugs
  6 orcs (D:3)
  5 ball pythons
  5 endoplasms
  A giant cockroach (D:2)
  9 goblins
  9 hobgoblins
  7 kobolds
  A quokka (D:2)
  3 bats
  A rat (D:1)
57 creatures vanquished.

Notes
Turn   | Place    | Note
-------+----------+-------------------------------------------
     0 | D:1      | qw the Spriggan Hunter began the quest for the Orb.
     0 | D:1      | Reached XP level 1. HP: 10/10 MP: 2/2
     0 | D:1      | 0 ||| qw: Version: 0.3-a-160-g6735b56
     0 | D:1      | 0 ||| qw: Game counter: 5800
     0 | D:1      | 0 ||| qw: Melee chars always use a shield: true
     0 | D:1      | 0 ||| qw: God list: Okawaru
     0 | D:1      | 0 ||| qw: Allow faded altars: false
     0 | D:1      | 0 ||| qw: Do Orc after clearing Dungeon:15 true
     0 | D:1      | 0 ||| qw: Do second Lair branch before Depths: true
     0 | D:1      | 0 ||| qw: Lair rune preference: random
     0 | D:1      | 0 ||| qw: Goals: Normal
     0 | D:1      | 0 ||| PLANNING D:1-11
    52 | D:1      | Reached skill level 3 in Dodging
   114 | D:1      | Reached XP level 2. HP: 14/14 MP: 3/3
   755 | D:1      | 755 ||| READING scroll labelled OGANIOLYID.
   756 | D:1      | 756 ||| DROPPING scroll of butterflies.
   834 | D:2      | Found a bloodstained altar of Trog.
   845 | D:2      | Reached XP level 3. HP: 18/18 MP: 4/4
  1353 | D:2      | 1353 ||| READING scroll labelled ALUSCH ROZ ZOTI.
  1374 | D:3      | 1374 ||| STAIRDANCE
  1379 | D:2      | Reached XP level 4. HP: 17/22 MP: 5/5
  1415 | D:3      | Found a snail-covered altar of Cheibriados.
  1484 | D:3      | Found a broken altar of Ashenzari.
  1536 | D:3      | Noticed Grinder
  1543 | D:3      | Paralysed by Grinder for 5 turns
  1550 | D:3      | Paralysed by Grinder for 2 turns
  1553 | D:3      | 1553 ||| FLEEEEING.
  1554 | D:3      | 1554 ||| FLEEEEING.
  1561 | D:3      | 1561 ||| FLEEEEING.
  1562 | D:3      | 1562 ||| FLEEEEING.
  1564 | D:3      | 1564 ||| FLEEEEING.
  1565 | D:3      | 1565 ||| FLEEEEING.
  1567 | D:3      | 1567 ||| FLEEEEING.
  1576 | D:3      | 1576 ||| FLEEEEING.
  1577 | D:3      | 1577 ||| FLEEEEING.
  1579 | D:3      | 1579 ||| FLEEEEING.
  1580 | D:3      | 1580 ||| FLEEEEING.
  1582 | D:3      | 1582 ||| FLEEEEING.
  1583 | D:3      | 1583 ||| STAIRDANCE
  1699 | D:3      | Killed Grinder
  1700 | D:3      | Reached XP level 5. HP: 15/29 MP: 6/6
  1700 | D:3      | Reached XP level 6. HP: 17/33 MP: 7/7
  1829 | D:3      | Found Ygogg's Antique Weapon Shoppe.
  1838 | D:3      | 1838 ||| SHOPLISTING +3 greatsling "Punk" {acid, rCorr}
                  | (626 gold, have 138).
  1838 | D:3      | 1838 ||| SHOPLISTING brightly glowing arbalest (190 gold,
                  | have 138).
  1934 | D:3      | Noticed Terence
  1935 | D:3      | Noticed Robin
  1946 | D:3      | HP: 8/33 [Robin/+0 spear (2)]
  1948 | D:3      | HP: 3/33 [goblin/+0 club[Robin] (5)]
  1948 | D:3      | Slain by Terence

Levels and vault maps discovered:
D:1:      noname_arrival_rooms_in_the_neighbourhood, layout_basic
D:2:      layout_basic, basic_altar
D:3:      layout_rooms, cheibriados_altar_1, ashenzari_conservatory_becter,
          serial_shops, nicolae_shop_overgrown_old_shop, minmay_pentomino_pile,
          uniq_terence, uniq_grinder, uniq_robin

Skill      XL: |  1  2  3  4 |
---------------+-------------+-----
Dodging        | 3 4 5 |  5.0
Ranged Weapons | 5 |  5.4
Fighting       | 4 |  4.0
Stealth        | |  1.5

Action                     |  1- 3 |  4- 6 || total
---------------------------+-------+-------++-------
   Fire: Shortbow          |    86 |   109 ||   195
    Use: Scroll            |     2 |       ||     2
 Armour: Robe              |     5 |    18 ||    23
  Dodge: Dodged            |    29 |    43 ||    72

Table legend:
 A = Non-vault XP
 B = Vault XP
 C = Vault XP percentage of total XP
 D = Non-vault monster count
 E = Vault monster count
 F = Vault count percentage of total count
                 A         B        C        D         E       F
            +---------+---------+-------+---------+---------+-------
      Total |     227 |     332 |  59.4 |      48 |       9 |  15.8
            +---------+---------+-------+---------+---------+-------
        D:1 |      37 |       0 |   0.0 |      20 |       0 |   0.0
        D:2 |      60 |       0 |   0.0 |      14 |       0 |   0.0
        D:3 |     130 |     332 |  71.9 |      14 |       9 |  39.1
            +---------+---------+-------+---------+---------+-------
